Map: Submarine LE

Players

rottenorange - Winner!

  • Race: Zerg Zerg
  • League: Silver
  • Spawn Location: 11:00

RamenKage

  • Race: Terran Terran
  • League: Gold
  • Spawn Location: 5:00

VOD

Have the link to the VOD?

Description

Time

  • Played on: Oct. 10, 2020, 5:23 p.m.
  • Length: 14:24
Show
View Real Time Build Order
Export as new Build Order

rottenorange Zerg - Winner!

Build Orders: Hatch First 

Get SALT Encoding   

  12  0:00  Drone  
  13  0:13  Overlord  
  13  0:17  Drone  
  14  0:31  Drone  
  14  0:32  Drone  
  16  0:51  Hatchery  
  16  0:56  Drone  
  16  0:59  Extractor  
  15  1:11  Drone  
  16  1:17  Spawning Pool  
  16  1:18  Drone  
  16  1:22  Drone  
  18  1:25  Drone  
  18  1:48  Drone x2  
  20  2:03  Metabolic Boost  
  20  2:09  Queen  
  20  2:10  Queen  
  20  2:12  Zergling x2  
  20  2:14  Zergling x2  
  26  2:30  Drone x2  
  26  2:32  Overlord  
  28  2:41  Spine Crawler  
  28  2:42  Drone  
  28  2:51  Queen  
  30  3:15  Drone  
  30  3:16  Drone x5  
  36  3:22  Spine Crawler  
  35  3:31  Overlord x2  
  35  3:35  Lair  
  35  3:40  Roach Warren  
  34  3:44  Drone x2  
  34  3:47  Overlord x2  
  34  4:15  Spore Crawler  
  33  4:18  Spore Crawler, Drone x5  
  33  4:21  Drone x3  
  40  4:25  Hatchery  
  39  4:35  Glial Reconstitution  
  39  4:42  Roach x3  
  39  4:44  Drone  
  39  4:45  Drone x2  
  48  5:03  Roach  
  48  5:04  Roach  
  52  5:07  Zergling x2  
  52  5:08  Zergling x14  
  52  5:09  Zergling x2  
  52  5:12  Extractor  
  52  5:13  Extractor  
  59  5:18  Spine Crawler  
  59  5:19  Spine Crawler  
  57  5:26  Spore Crawler  
  56  5:29  Roach  
  56  5:30  Roach x2  
  62  5:40  Drone  
  62  5:41  Queen, Drone x4  
  69  5:49  Overlord  
  69  5:52  Overseer  
  69  5:53  Overseer  
  68  6:21  Drone  
  68  6:22  Drone x2  
  71  6:39  Roach  
  77  6:40  Roach x4  
  77  6:42  Overlord x5  
  77  6:43  Evolution Chamber x2  
  79  6:53  Drone x2  
  81  6:57  Spine Crawler  
  81  6:59  Spine Crawler  
  81  7:00  Spore Crawler  
  78  7:03  Spore Crawler  
  78  7:04  Drone x3  
  78  7:05  Drone  
  78  7:06  Drone  
  82  7:23  Zerg Ground Armor Level 1, Zerg Missile Weapons Level 1  
  82  7:30  Hydralisk Den  
  82  7:32  Roach  
  82  7:33  Roach x4  
  91  8:03  Grooved Spines, Hydralisk x3  
  91  8:04  Hydralisk x2  
  101  8:10  Extractor  
  96  8:30  Spine Crawler  
  95  8:43  Drone x2  
  95  8:44  Drone x8  
  95  8:45  Queen, Drone  
  108  8:49  Overlord x5  
  108  8:51  Extractor  
  107  8:58  Hydralisk x2  
  111  9:15  Hatchery  
  110  9:21  Queen, Drone x8  
  120  9:27  Hydralisk  
  117  10:17  Hydralisk  
  117  10:18  Hydralisk x15  
  117  10:19  Hydralisk  
  151  10:22  Overlord  
  151  10:33  Drone x4  
  153  10:47  Pneumatized Carapace  
  149  10:56  Hydralisk  
  149  10:57  Hydralisk x4  
  149  11:01  Overlord x4  
  159  11:16  Zerg Missile Weapons Level 2  
  159  11:17  Zerg Ground Armor Level 2  
  159  11:19  Muscular Augments  
  159  11:29  Drone  
  159  11:30  Drone x3  
  159  11:32  Roach x3  
  177  11:33  Roach x10  
  189  11:44  Roach  
  169  12:02  Roach x9  
  169  12:03  Roach x2  
  191  12:11  Overlord x5  
  191  12:27  Overlord x3  
  191  12:28  Overseer x2, Overlord  
  191  12:29  Overseer x2  
  191  13:05  Overlord x3  
  169  13:28  Roach  
  169  13:29  Roach x15  
  165  13:43  Hydralisk  
  165  13:44  Hydralisk x10  
Show
View Real Time Build Order
Export as new Build Order

RamenKage Terran 

Build Orders:  

Get SALT Encoding   

  12  0:00  SCV  
  13  0:12  SCV  
  14  0:24  Supply Depot, SCV  
  15  0:49  Barracks  
  15  0:51  SCV  
  15  0:52  Supply Depot  
  16  1:01  Refinery  
  16  1:04  SCV  
  17  1:16  SCV  
  18  1:28  SCV  
  19  1:34  Barracks  
  19  1:44  Marine  
  20  1:57  Orbital Command  
  20  2:02  Marine, Factory  
  21  2:20  Marine, Refinery  
  21  2:22  Barracks Tech Lab  
  22  2:27  Barracks  
  22  2:35  SCV  
  23  2:37  Marine  
  24  2:47  SCV  
  24  2:48  Factory Tech Lab  
  25  2:53  Supply Depot  
  25  2:56  Stimpack  
  25  3:16  Widow Mine  
  27  3:22  Marine  
  27  3:23  Marine  
  29  3:29  SCV  
  29  3:32  Barracks Reactor  
  30  3:41  SCV  
  30  3:42  Siege Tank, Command Center  
  34  3:54  Marine, Starport  
  34  3:55  Marine  
  36  4:15  Siege Tank  
  39  4:32  Supply Depot  
  39  4:33  Starport Reactor  
  39  4:46  Combat Shield  
  39  4:53  Marine x4  
  43  5:11  Marine  
  44  5:15  Supply Depot  
  44  5:24  Marine x3  
  44  5:27  Medivac x2  
  51  5:38  Orbital Command  
  51  5:40  SCV  
  52  5:46  Supply Depot  
  52  5:52  SCV  
  52  5:57  Medivac x2  
  55  6:01  Marine x3  
  55  6:02  Marine  
  61  6:04  SCV x2  
  63  6:16  SCV  
  64  6:19  Marine  
  64  6:20  SCV  
  64  6:23  Marine x2  
  68  6:28  SCV  
  68  6:32  SCV  
  70  6:35  Barracks  
  70  6:36  Factory  
  70  6:40  SCV  
  70  6:41  Starport  
  70  6:44  SCV  
  72  6:48  Supply Depot  
  72  6:52  SCV  
  72  6:54  Supply Depot  
  73  7:10  Marine x3  
  73  7:11  Marine  
  73  7:12  Supply Depot  
  73  7:13  Siege Tank  
  80  7:16  Supply Depot  
  80  7:24  Starport Tech Lab  
  80  7:26  Barracks Tech Lab  
  80  7:28  Marine x4  
  84  7:32  Medivac  
  86  7:37  Factory Tech Lab  
  86  7:39  Supply Depot  
  86  7:41  SCV  
  87  7:45  Supply Depot  
  87  7:46  Supply Depot, Marine x3  
  90  7:51  Refinery  
  90  7:53  Refinery  
  83  8:24  SCV x2  
  72  8:36  SCV x2  
  74  8:47  Siege Tank x2  
  74  8:48  SCV  
  81  8:51  Marauder x2, Marine x3  
  88  8:56  Medivac x2  
  92  9:09  Marine x3  
  95  9:11  Marine  
  95  9:13  Barracks  
  96  9:26  Medivac  
  98  9:33  Command Center  
  95  10:04  Marine x5  
  95  10:06  Siege Tank  
  106  10:07  Siege Tank  
  106  10:09  Medivac x2  
  110  10:21  Marine x2  
  110  10:22  Marine x3  
  115  10:40  Marauder  
  116  10:56  Marine x4  
  119  11:01  Marine  
  120  11:12  Barracks Reactor  
  120  11:14  Marine x3  
  123  11:20  Marine x2  
  123  11:21  Command Center  
  123  11:22  Siege Tank x2  
  123  11:24  Medivac  
  133  11:32  Marine  
  134  11:47  Marine  
  134  11:48  Medivac  
  134  11:50  Supply Depot  
  134  11:51  Supply Depot  
  127  11:58  Marine x6  
  133  12:06  Marine  
  134  12:14  Supply Depot  
  134  12:15  Marine  
  134  12:16  Supply Depot, Marine  
  134  12:17  Marauder x2  
  134  12:18  Marine x2  
  134  12:19  Medivac x2  
  146  12:23  Siege Tank  
  149  12:32  Siege Tank  
  152  12:37  Marine x3  
  152  12:38  Marauder x2, Marine x2  
  161  12:55  Marine x3  
  164  12:59  Marauder  
  164  13:00  Marauder  
  121  13:34  Marine x2  
  121  13:35  Marauder  
  121  13:39  Marine  
  121  13:40  Marine x2  
Tags
 
Matchup
TvZ
Replay Pack
replays
Spawn Locations
Cross Positions
Add a new tag
Caveats
  • Supply blocks, unpowered buildings, or Contaminate may cause inaccurate times.
  • Supply counts are checked every 10 seconds.